 Dungeon Crawl Stone Soup version 0.27-a0-1513-g2aaa0cc67b (webtiles) character file.

Game seed: 9111057278563638683

184 nyamberluvr69 the Slasher (level 5, -1/57 HPs)
             Began as an Octopode Berserker on July 9, 2021.
             Was a Believer of Trog.
             Slain by Duvessa (14 damage)
             ... on level 4 of the Dungeon.
             The game lasted 00:03:06 (3266 turns).

nyamberluvr69 the Slasher (Octopode Berserker)      Turns: 3266, Time: 00:03:07

Health: -1/57      AC:  3    Str: 16    XL:     5   Next: 64%
Magic:  5/5        EV: 13    Int: 10    God:    Trog [**....]
Gold:   109        SH:  0    Dex: 12    Spells: 4/4 levels left

rFire    . . .     SeeInvis +   a - +0 falchion
rCold    . . .     Faith    .   (no shield)
rNeg     . . .     Spirit   .   l - +2 hat
rPois    .         Reflect  .   m - amulet of the acrobat
rElec    .         Harm     .   c - ring of see invisible
rCorr    .         Rampage  .   (no ring)
Will     .....                  (no ring)
Stlth    ..........             (no ring)
HPRegen  0.19/turn              (no ring)
MPRegen  0.09/turn              (no ring)
                                (no ring)
                                (no ring)

@: berserking, very quick
A: almost no armour, amphibious, 8 rings, camouflage 1, gelatinous body 1,
(nimble swimmer 1), tentacles
a: Renounce Religion, Berserk, Trog's Hand


You were on level 4 of the Dungeon.
You worshipped Trog.
Trog was pleased with you.
You visited 1 branch of the dungeon, and saw 4 of its levels.

You collected 109 gold pieces.

Inventory:

Hand Weapons
 a - a +0 falchion (weapon)
Armour
 l - a +2 hat (worn)
Jewellery
 c - a ring of see invisible (left tentacle)
 m - an amulet of the acrobat (around mantle)
Scrolls
 b - 2 scrolls of teleportation {unknown}
 d - a scroll of magic mapping {unknown}
 e - a scroll of amnesia {unknown}
 i - a scroll of enchant armour {unknown}
 j - 2 scrolls of fear {unknown}
Potions
 f - 2 potions of heal wounds {unknown}
 g - a potion of haste {unknown}
 h - a potion of resistance {unknown}
 k - a potion of might {unknown}


   Skills:
 + Level 4.8 Fighting
 + Level 4.8 Long Blades
 - Level 3.0 Dodging


You had 4 spell levels left.
You didn't know any spells.
Your spell library was empty.

Dungeon Overview and Level Annotations

Branches:
Dungeon (4/15)
 Temple: D:4-7

Altars:

Annotations:
D:4 Duvessa


Innate Abilities, Weirdness & Mutations

You cannot wear most types of armour.
You are amphibious.
You can wear up to eight rings at the same time.
Your skin changes colour to match your surroundings (Stealth+).
Your rubbery body absorbs attacks. (AC +1, EV +1)
((You are camouflaged near water. (Stealth+)))
You have tentacles for arms and can constrict up to eight enemies at once.


Message History

Your grab misses Dowan.
Natasha stares at you and mumbles some strange words.
The magic dart hits you.
You closely miss Dowan. Your grab misses Dowan.
The orc throws a boomerang.
The boomerang hits you but does no damage.
The orc wizard gestures wildly while chanting.
The orc wizard flickers and vanishes for a moment.
You barely miss Dowan. You grab Dowan. You squeeze Dowan!
Dowan is heavily wounded.
You constrict Dowan, but do no damage.
Dowan points at you and mumbles some strange words.
The puff of frost misses you. Natasha barely misses you.
Unknown command.
You slash Dowan!
Dowan is almost dead.
You constrict Dowan.
You kill Dowan!
Trog accepts your kill.
Trog appreciates your killing of a magic user.
Duvessa screams, "No!
How DARE you!"
Duvessa goes berserk!
Duvessa hits you with a +0 short sword! Natasha closely misses you.
You riposte.
You slash Natasha!
You kill Natasha!
Trog accepts your kill.
Trog appreciates your killing of a magic user.
Natasha growls in agony!
The white imp disappears in a puff of smoke!
You have reached level 5!
You feel clever.
You slash Duvessa! Your grab misses Duvessa.
Duvessa is lightly wounded.
Duvessa closely misses you. Duvessa hits you with a +0 short sword!
* * * LOW HITPOINT WARNING * * *
You slash Duvessa! You grab Duvessa. You squeeze Duvessa!
Duvessa is heavily wounded.
You constrict Duvessa, but do no damage.
The orc hits you with a +0 falchion.
* * * LOW HITPOINT WARNING * * *
Duvessa hits you with a +0 short sword!
You die...

.. # . #. .#
≈≈ #. .#
...###. ..
.......##e
......... #
......[.# .#
....#oo##..#
......Je@†§.#
.....#.####.#
?... #. .J.
.. .. ##. #
#. ..


You could see Duvessa (berserk), an orc wizard (invisible), an orc and an
endoplasm.

Vanquished Creatures
  Dowan (D:4)
  Natasha (D:4)
  A gnoll (D:1)
  2 adders (D:2)
  A worm (D:2)
  A dart slug (D:2)
  3 orcs
  A ball python (D:2)
  A bat (D:2)
  5 endoplasms
  4 giant cockroaches
  10 goblins
  3 hobgoblins
  14 jackals
  4 quokkas
  3 frilled lizards
  7 kobolds
  6 rats
68 creatures vanquished.

Notes
Turn   | Place    | Note
-------+----------+-------------------------------------------
     0 | D:1      | nyamberluvr69 the Octopode Berserker began the quest for
                  | the Orb.
     0 | D:1      | Reached XP level 1. HP: 16/16 MP: 1/1
   334 | D:1      | Reached XP level 2. HP: 14/21 MP: 2/2
   675 | D:1      | Reached XP level 3. HP: 20/26 MP: 3/3
  1467 | D:2      | Reached ** piety under Trog
  1533 | D:2      | Found a faded altar of an unknown god.
  1554 | D:2      | Reached XP level 4. HP: 30/33 MP: 4/4
  3251 | D:4      | Noticed Dowan
  3258 | D:4      | Noticed Duvessa
  3258 | D:4      | Noticed Natasha
  3264 | D:4      | Killed Dowan
  3264 | D:4      | Killed Natasha
  3265 | D:4      | Reached XP level 5. HP: 22/38 MP: 5/5
  3266 | D:4      | Slain by Duvessa

Illustrated notes

Levels and vault maps discovered:
D:1:      giann_bridges, layout_basic, fountainhead
D:2:      layout_loops_corners, basic_ecumenical_altar
D:3:      layout_loops_ring
D:4:      layout_loops_ring, kennysheep_okawaru_gauntlet,
          minmay_temple_entry_water_ring, nicolae_shop_sticking_my_neck_out,
          uniq_ijyb, uniq_robin, uniq_duvessa, uniq_natasha

Skill      XL: |  1  2  3 |
---------------+----------+-----
Fighting       | 4 |  4.8
Long Blades    | 4 |  4.8
Dodging        | |  3.0

Action                   |  1- 3 |  4- 6 || total
-------------------------+-------+-------++-------
Melee: Falchion          |    60 |    60 ||   120
       Constrict         |    22 |    21 ||    43
       Tentacles         |    13 |    18 ||    31
Invok: Berserk           |       |     1 ||     1
 Stab: Sleeping          |     4 |     6 ||    10
Armor: Skin              |     4 |     4 ||     8
Dodge: Dodged            |    59 |    38 ||    97
       Rpst.: Falchion   |    12 |    13 ||    25

Table legend: (Time is in decaauts)
 A = Elapsed time spent in this place.
 B = Non-inter-level travel time spent in this place.
 C = Inter-level travel time spent in this place.
 D = Time resting spent in this place.
 E = Time spent auto-exploring this place.
 F = Levels seen in this place.
 G = Mean time per level.
                   A        B        C        D        E       F      G
               +--------+--------+--------+--------+--------+-----+--------+
         Total |   3277 |   3202 |     75 |    138 |   2687 |   4 |  819.2 |
       Dungeon |   3277 |   3202 |     75 |    138 |   2687 |   4 |  819.2 |
               +--------+--------+--------+--------+--------+-----+--------+

Top non-repeatable levels by time:
     D:1: 1285 daAuts
     D:2: 1248 daAuts
     D:3: 730 daAuts
     D:4: 12 daAuts
